 Dungeon Crawl Stone Soup version 0.30-a0-223-gcb0039aa0c (webtiles) character file.

Game seed: 14360718356656328101

167 tilp the Shooter (level 5, -5/28 HPs)
             Began as a Vine Stalker Hunter on Oct 9, 2022.
             Was a Follower of Ru.
             Constricted to death by Natasha (6 damage)
             ... on level 3 of the Dungeon.
             The game lasted 00:04:39 (2836 turns).

tilp the Shooter (Vine Stalker Hunter)              Turns: 2836, Time: 00:04:40

Health: -5/28      AC:  4    Str: 13    XL:     5   Next: 48%
Magic:  0/6        EV:  4    Int:  9    God:    Ru [*.....]
Gold:   177        SH:  0    Dex: 20    Spells: 4/4 levels left

rFire   . . .      SeeInvis +    a - +1 shortbow
rCold   . . .      Faith    .    (shield currently unavailable)
rNeg    . . .      Spirit   +    c - +1 leather armour
rPois   .          Reflect  .    (no helmet)
rElec   .          Harm     .    (no cloak)
rCorr   .          Rampage  .    (no gloves)
Will    .....                    (no boots)
Stlth   ++........               (no amulet)
HPRegen 1.04/turn                i - ring of see invisible
MPRegen 0.10/turn                (no ring)

@: grasped by roots, constricted
A: fangs 2, regeneration 1, magic shield, antimagic bite, no potion heal 2,
reduced EV 1
a: Renounce Religion


You were on level 3 of the Dungeon.
You worshipped Ru.
Ru was aware of your devotion.
You visited 1 branch of the dungeon, and saw 3 of its levels.

You collected 177 gold pieces.

Inventory:

Hand Weapons
 a - a +1 shortbow (weapon)
 b - a +0 hand axe
Missiles
 n - 4 poisoned darts
Armour
 c - a +1 leather armour (worn)
 f - an orb of light
 q - a +0 buckler
 r - an orb of wrath
Jewellery
 i - a ring of see invisible (left hand)
Scrolls
 d - a scroll of enchant weapon
 g - a scroll of immolation
 j - a scroll of enchant armour
 l - a scroll of torment {unknown}
Potions
 e - a potion of cancellation
 h - 2 potions of mutation {unknown}
 k - a potion of curing
 m - a potion of brilliance {unknown}
 o - 2 potions of flight
 p - a potion of might {unknown}
 s - a potion of degeneration {unknown}


   Skills:
 + Level 2.8 Fighting
 * Level 4.8 Ranged Weapons
 - Level 2.0 Dodging
 + Level 3.3 Stealth


You had 4 spell levels left.
You didn't know any spells.
Your spell library contained the following spells:

 Spells                   Type           Power      Damage    Failure   Level
 Beastly Appendage        Tmut           0%         N/A       45%         1
 Static Discharge         Conj/Air       0%         2-2/arc   61%         2
 Wereblood                Tmut           0%         N/A       61%         2
 Spider Form              Tmut/Pois      0%         N/A       83%         3
 Stone Arrow              Conj/Erth      0%         3d7       83%         3
 Vhi's Electric Charge    Tloc/Air       0%         N/A       83%         3
 Animate Armour           Summ/Erth      0%         N/A       99%         4
 Arcjolt                  Conj/Air       0%         1d10      100%        5
 Lightning Bolt           Conj/Air       0%         1d11      100%        5
 Lehudib's Crystal Spear  Conj/Erth      0%         10d2      100%        8


Dungeon Overview and Level Annotations

Branches:
Dungeon (3/15)

Altars:
Kikubaaqudgha
Makhleb
Ru
Xom

Annotations:
D:3 Natasha


Innate Abilities, Weirdness & Mutations

You have extremely sharp teeth.
Your natural rate of healing is unusually fast.
When hurt, damage is shared between your health and your magic reserves.
Your bite disrupts and absorbs the magic of your enemies.
Potions cannot restore your health.
You have somewhat slow reflexes. (EV -5)


Message History

Natasha shimmers violently.
You shoot an arrow. The arrow hits Natasha.
Natasha is lightly wounded.
Natasha stares at you and mumbles some strange words.
The magic dart hits you.
You shoot an arrow.
The arrow hits Natasha but does no damage.
Natasha is lightly wounded.
You shoot an arrow. The arrow closely misses Natasha.
Natasha zaps a wand.
The roots erupt in riotous growth!
The grasping roots grab you! The grasping roots constrict you!
The grasping roots constrict you.
You shoot an arrow. The arrow barely misses Natasha.
Natasha claws you. The grasping roots constrict you.
You are too injured to fight recklessly!
You are too injured to fight recklessly!
You are too injured to fight recklessly!
You are too injured to fight recklessly!
You are too injured to fight recklessly!
Unknown command.
You are too injured to fight recklessly!
You are too injured to fight recklessly!
Unknown command.
Fire: a) +1 shortbow
Press: ? - help, Q - select action, (/) - cycle Shift-Dir - straight line, f/p - Natasha
Aim: Natasha, carrying a wand of roots (5) (lightly wounded, 60% to hit)
You shoot an arrow. The arrow hits Natasha.
Natasha is moderately wounded.
Natasha claws you!
* * * LOW HITPOINT WARNING * * *
The grasping roots constrict you.
* * * LOW HITPOINT WARNING * * *
Fire: a) +1 shortbow
Press: ? - help, Q - select action, (/) - cycle Shift-Dir - straight line, f/p - Natasha
Aim: Natasha, carrying a wand of roots (5) (moderately wounded, 60% to hit)
You shoot an arrow. The arrow misses Natasha.
Natasha claws you.
* * * LOW HITPOINT WARNING * * *
The grasping roots constrict you.
You die...

*,,,,,,,,* #.......#.
*,.......*#######.........
*,.......*#.............#.
*,.......*#.##########..#.
*,.......*#.###.# ##..#.
*,.......*#...#.#####...#.
*,.......*###.#>..........
*,......h####.#.###.......
*,.......@....#.....######
*,.......##########.# #.
**###'###* ###### #. #,*
##....###. *,* ##......##.
*,* #.......... *,*
#........#. *,*
#........#. *,*
#...((...#.


You could see Natasha.

Vanquished Creatures
  A hound (D:3)
  Natasha (D:3)
  4 adders
  2 dart slugs
  4 orcs
  7 ball pythons
  4 endoplasms
  9 giant cockroaches
  4 goblins
  8 hobgoblins
  3 jackals (D:2)
  2 kobolds
  3 quokkas
  4 bats
  2 frilled lizards
  6 rats
64 creatures vanquished.

Notes
Turn   | Place    | Note
-------+----------+-------------------------------------------
     0 | D:1      | tilp the Vine Stalker Hunter began the quest for the Orb.
     0 | D:1      | Reached XP level 1. HP: 11/11 MP: 2/2
   115 | D:1      | Reached XP level 2. HP: 15/15 MP: 3/3
   609 | D:1      | Found a faded altar of an unknown god.
   627 | D:1      | Found a faded altar of an unknown god.
   640 | D:1      | Prayed at the altar of an unknown god.
   640 | D:1      | Became a worshipper of Ru the Awakened
   649 | D:1      | Gained mutation: You have somewhat slow reflexes. (EV -5)
                  | [Ru sacrifice]
   649 | D:1      | Reached * piety under Ru
   745 | D:2      | Reached skill level 4 in Ranged Weapons
   745 | D:2      | Reached XP level 3. HP: 18/18 MP: 4/4
  1736 | D:3      | Gained mutation: Your natural rate of healing is unusually
                  | fast. [Vine Stalker growth]
  1736 | D:3      | Reached XP level 4. HP: 19/23 MP: 3/5
  1873 | D:3      | Found an ancient bone altar of Kikubaaqudgha.
  1989 | D:3      | Found a burning altar of Makhleb.
  2197 | D:3      | Reached XP level 5. HP: 26/27 MP: 6/6
  2280 | D:3      | Noticed Natasha
  2293 | D:3      | Killed Natasha
  2323 | D:3      | Found a shimmering altar of Xom.
  2521 | D:3      | Found an ancient bone altar of Kikubaaqudgha.
  2675 | D:3      | Found a burning altar of Makhleb.
  2825 | D:3      | Noticed Natasha
  2836 | D:3      | HP: 1/28 [Natasha (6)]
  2836 | D:3      | Constricted to death by Natasha

Illustrated notes

Levels and vault maps discovered:
D:1:      mrwooster_arrival_statue, layout_loops_cross,
          hellmonk_ecumenical_altar_the_god_not_taken,
          amcnicky_mini_corridor_feature
D:2:      layout_basic, minmay_misc_feat_tower
D:3:      minmay_roachtagon, layout_basic, xom_teletrap_fun,
          mainiacjoe_overflow_small_starburst, lemuel_doored_altar, uniq_natasha

Skill      XL: |  1  2  3  4 |
---------------+-------------+-----
Fighting       | 2 |  2.8
Stealth        | 2 3 |  3.3
Dodging        | 2 |  2.0
Ranged Weapons | 4 |  4.8

Action                   |  1- 3 |  4- 6 || total
-------------------------+-------+-------++-------
 Fire: Shortbow          |    91 |    85 ||   176
Invok: Sacrifice Health  |     1 |       ||     1
  Use: Scroll            |     9 |       ||     9
Armor: Leather armour    |     7 |    20 ||    27
Dodge: Dodged            |    19 |    22 ||    41

Table legend: (Time is in decaauts)
 A = Elapsed time spent in this place.
 B = Non-inter-level travel time spent in this place.
 C = Inter-level travel time spent in this place.
 D = Time resting spent in this place.
 E = Time spent auto-exploring this place.
 F = Levels seen in this place.
 G = Mean time per level.
                   A        B        C        D        E       F      G
               +--------+--------+--------+--------+--------+-----+--------+
         Total |   2892 |   2753 |    139 |      2 |   2356 |   3 |  964.0 |
       Dungeon |   2892 |   2753 |    139 |      2 |   2356 |   3 |  964.0 |
               +--------+--------+--------+--------+--------+-----+--------+

Top non-repeatable levels by time:
     D:3: 1140 daAuts
     D:2: 1068 daAuts
     D:1: 682 daAuts
